 Dungeon Sprint DCSS version 0.29-a0-721-g7f417c9bbb (webtiles) character file.

Game seed: 18009235577976380741

4930 wilfster70 the Cruncher (level 10, -13/93 HPs)
             Began as a Formicid Fighter on June 27, 2022.
             Was the Champion of Qazlal.
             Killed by vampiric draining
             ... invoked by a vampire mage
              (14 damage)
             ... in the Dungeon (Sprint VII: "The Pits").
             The game lasted 00:06:03 (1516 turns).

wilfster70 the Cruncher (Formicid Fighter)          Turns: 1516, Time: 00:06:03

Health: -13/93     AC: 25    Str: 25    XL:     10   Next: 81%
Magic:  7/17       EV:  4    Int:  8    God:    Qazlal [******]
Gold:   0          SH: 15    Dex: 19    Spells: 9/9 levels left

rFire   . . .      SeeInvis +   a - +4 quarterstaff (spect)
rCold   . . .      Faith    .   c - +0 buckler
rNeg    . . .      Spirit   .   n - +3 plate armour
rPois   .          Reflect  .   (helmet unavailable)
rElec   .          Harm     .   b - +0 cloak
rCorr   .          Rampage  .   o - +0 pair of gloves
Will    +....                   (no boots)
Stlth   ..........              (no amulet)
HPRegen 0.25/turn               l - +3 ring of dexterity
MPRegen 0.15/turn               m - +3 ring of dexterity

@: lethally poisoned (-13 -> -35), untranslocatable, protected from physical
damage, constricted, repel missiles
A: permanent stasis, dig shafts and tunnels, antennae 3, four strong arms
a: Dig, Renounce Religion, Upheaval, Elemental Force, Disaster Area


You were in the Dungeon.
You worshipped Qazlal.
Qazlal was exalted by your worship.
You visited 1 branch

Inventory:

Hand Weapons
 a - a +4 spectral quarterstaff (weapon)
Armour
 b - a +0 cloak (worn)
 c - a +0 buckler (worn)
 n - a +3 plate armour (worn)
 o - a +0 pair of gloves (worn)
Jewellery
 l - a +3 ring of dexterity (left hand)
 m - a +3 ring of dexterity (right hand)
Scrolls
 j - 5 scrolls of amnesia
 k - a scroll of summoning
Potions
 d - 3 potions of might
 e - 10 potions of curing
 f - 2 potions of heal wounds
 g - 4 potions of magic
 i - 2 potions of invisibility
 q - a potion of mutation


   Skills:
 + Level 13.8 Fighting
 - Level 14.0 Staves
 + Level 13.8 Armour
 - Level 10.0 Shields
 + Level 9.9 Invocations


You had 9 spell levels left.
You didn't know any spells.
Your spell library was empty.

Dungeon Overview and Level Annotations

Branches:
Dungeon (1/1)

Altars:
Ashenzari
Cheibriados
Dithmenos
Elyvilon
Fedhas
Gozag
Hepliaklqana
Kikubaaqudgha
Makhleb
Nemelex Xobeh
Okawaru
Qazlal
Ru
Sif Muna
Trog
Uskayaw
Vehumet
Wu Jian
Xom
Yredelemnul
Zin
The Shining One
Beogh
Jiyva
Lugonu


Innate Abilities, Weirdness & Mutations

You cannot be hasted, slowed, berserked, paralysed or teleported.
You can dig through walls and to a lower floor.
You have a pair of large antennae on your head. (SInv)
Your four strong arms can wield two-handed weapons with a shield.


Message History

The komodo dragon is almost dead.
You feel sick. The nagaraja hits you with a +0 club!
* * * LOW HITPOINT WARNING * * *
The nagaraja constricts you.
You hit the komodo dragon.
You kill the komodo dragon!
Qazlal accepts your kill. The quokka skeleton barely misses you.
You block the nagaraja's attack. The nagaraja constricts you.
* * * LOW HITPOINT WARNING * * *
You closely miss the vampire mage.
The vampire mage is severely damaged.
You feel sick.
You are no longer poisoned.
The nagaraja spits poison at you.
The splash of poison hits you but does no damage.
You are poisoned.
The nagaraja constricts you.
* * * LOW HITPOINT WARNING * * *
You block the shadow's attack. You block the quokka skeleton's attack.
You feel much better.
You feel very sick.
The vampire mage mumbles some strange words.
The vampire mage flickers and vanishes for a moment.
The nagaraja is engulfed in blazing flames.
The nagaraja hits you with a +0 club!!
* * * LOW HITPOINT WARNING * * *
The nagaraja constricts you.
* * * LOW HITPOINT WARNING * * *
The shadow hits you. You block the quokka skeleton's attack.
You feel much better.
You feel sick.
The nagaraja is engulfed in blazing flames.
The nagaraja points at you and mumbles some strange words.
The bolt of poison hits you!!
You are more poisoned.
* * * LOW HITPOINT WARNING * * *
The nagaraja constricts you.
* * * LOW HITPOINT WARNING * * *
The vampire mage draws life force from you!
You die...

.#......# ........#
#''###### #''# #..#{ {{
{ #..# { {
#..####{{{#+######
#..#..#####.##.W.##+##{
{ #..#....##...#.Z@#...#
#.)'.....#...#MNV#...#
#..'.....'...+.)○'...+
#..'.....#...#...#...#
#..#....##...#...#...#
#..#..#####.##...##'##{
{ #..####...#)######)..#
#..##.....))......)#..#
#..#.............)###..#


You could see a nagaraja (fast), a vampire mage (invisible), a shadow
(summoned), a mummy (summoned) and a quokka skeleton (summoned).

Vanquished Creatures
  A ghost moth (D)
  A two-headed ogre (D)
  A swamp dragon (D)
  A black mamba (D)
  A merfolk siren (D)
  An orange demon (D)
  A komodo dragon (D)
  A guardian mummy (D)
  An ice devil (D)
  A wraith (D)
  A redback (D)
  A water moccasin (D)
  A floating eye (D)
  An ice beast (D)
  A swamp drake (D)
  An orc warrior (D)
  A sky beast (D)
  A wolf (D)
  A kobold brigand (D)
  A scorpion (D)
  A quasit (D)
  3 orc priests (D)
  Crazy Yiuf (D)
  2 gnoll shamans (D)
  An iron imp (D)
  2 orc wizards (D)
  7 gnolls (D)
  A white imp (D)
  6 orcs (D)
  A giant cockroach (D)
  A hobgoblin (D)
  2 quokkas (D)
  A ball python (D)
  A kobold (D)
50 creatures vanquished.

Notes
Turn   | Place    | Note
-------+----------+-------------------------------------------
     0 | D        | wilfster70 the Formicid Fighter began the quest for the
                  | Orb.
     0 | D        | Reached XP level 1. HP: 18/18 MP: 1/1
    30 | D        | Found a bloodstained altar of Trog.
    30 | D        | Found a shimmering blue altar of Sif Muna.
    30 | D        | Found a viscous altar of Jiyva.
    30 | D        | Found a hazy altar of Hepliaklqana.
    30 | D        | Found an opulent altar of Gozag.
    31 | D        | Found a glowing golden altar of the Shining One.
    31 | D        | Found a glowing silver altar of Zin.
    31 | D        | Found a basalt altar of Yredelemnul.
    31 | D        | Found a shimmering altar of Xom.
    31 | D        | Found an ornate altar of the Wu Jian Council.
    31 | D        | Found a sacrificial altar of Ru.
    31 | D        | Found a stormy altar of Qazlal.
    31 | D        | Found an iron altar of Okawaru.
    31 | D        | Found a sparkling altar of Nemelex Xobeh.
    31 | D        | Found a burning altar of Makhleb.
    31 | D        | Found a blossoming altar of Fedhas.
    31 | D        | Found a white marble altar of Elyvilon.
    31 | D        | Found a shadowy altar of Dithmenos.
    31 | D        | Found a snail-covered altar of Cheibriados.
    33 | D        | Found a radiant altar of Vehumet.
    33 | D        | Found a corrupted altar of Lugonu.
    34 | D        | Found a hide-covered altar of Uskayaw.
    34 | D        | Found an ancient bone altar of Kikubaaqudgha.
    34 | D        | Found a broken altar of Ashenzari.
    40 | D        | Became a worshipper of Qazlal Stormbringer
    75 | D        | Noticed a scorpion
    78 | D        | Killed a scorpion
    79 | D        | Reached skill level 5 in Staves
    79 | D        | Reached skill level 5 in Shields
    79 | D        | Reached XP level 2. HP: 24/26 MP: 2/2
    79 | D        | Reached XP level 3. HP: 29/32 MP: 3/3
    79 | D        | Reached XP level 4. HP: 35/38 MP: 4/4
   109 | D        | Noticed a floating eye
   112 | D        | Killed a floating eye
   112 | D        | Reached * piety under Qazlal
   113 | D        | Reached skill level 6 in Staves
   113 | D        | Reached XP level 5. HP: 46/46 MP: 5/5
   119 | D        | Noticed a water moccasin
   130 | D        | Killed a water moccasin
   131 | D        | Reached skill level 8 in Staves
   131 | D        | Reached XP level 6. HP: 40/53 MP: 6/6
   132 | D        | Reached ** piety under Qazlal
   353 | D        | Noticed an ice beast
   353 | D        | Noticed a wolf
   353 | D        | Noticed a sky beast
   367 | D        | Killed a wolf
   376 | D        | Killed a sky beast
   376 | D        | Reached *** piety under Qazlal
   377 | D        | Reached skill level 9 in Staves
   377 | D        | Reached XP level 7. HP: 41/61 MP: 7/7
   412 | D        | Reached **** piety under Qazlal
   413 | D        | Reached skill level 10 in Staves
   443 | D        | Reached skill level 10 in Shields
   567 | D        | Noticed a swamp dragon
   575 | D        | Killed a swamp dragon
   575 | D        | Reached ***** piety under Qazlal
   576 | D        | Reached skill level 11 in Staves
   576 | D        | Reached XP level 8. HP: 52/72 MP: 8/8
   675 | D        | Reached skill level 12 in Staves
   693 | D        | Noticed an orange demon
   718 | D        | Reached skill level 10 in Fighting
   718 | D        | Reached skill level 10 in Armour
   730 | D        | Killed an orange demon
   731 | D        | Reached XP level 9. HP: 45/79 MP: 9/9
   746 | D        | Reached skill level 13 in Staves
  1074 | D        | Noticed an ice devil
  1084 | D        | Killed an ice devil
  1084 | D        | Reached ****** piety under Qazlal
  1380 | D        | Noticed a black mamba
  1386 | D        | Noticed Crazy Yiuf
  1388 | D        | Killed a black mamba
  1389 | D        | Reached skill level 14 in Staves
  1392 | D        | Killed Crazy Yiuf
  1392 | D        | Noticed a guardian mummy
  1396 | D        | Reached skill level 5 in Invocations
  1399 | D        | Killed a guardian mummy
  1400 | D        | Reached XP level 10. HP: 81/89 MP: 12/14
  1404 | D        | Noticed a merfolk siren
  1405 | D        | Noticed a two-headed ogre
  1407 | D        | Killed a two-headed ogre
  1416 | D        | Killed a merfolk siren
  1495 | D        | Noticed a ghost moth
  1495 | D        | Noticed a komodo dragon
  1496 | D        | Noticed a nagaraja
  1496 | D        | Noticed a vampire mage
  1503 | D        | Killed a ghost moth
  1513 | D        | Killed a komodo dragon
  1516 | D        | HP: 1/93 [constriction (4)]
  1516 | D        | Killed from afar by a vampire mage

Illustrated notes

Levels and vault maps discovered:
D:        pitsprint [storerooms_1, entrance_room_1, metal_vault_1, armoury_2,
          mini_pit_1, grid_room_1, main_hall_1, silver_pit, the_coven_3,
          the_vestibule_1, steel_vault_3, golden_pit, hallway_of_sentries,
          crystal_vault_5, iron_vault_2, final_vault]

Skill      XL: |  1  2  3  4  5  6  7  8  9 10 |
---------------+-------------------------------+-----
Fighting       | 4 6 7 9 10 12 13 | 13.8
Staves         | 5 6 8 9 11 12 14 | 14.0
Armour         | 4 6 7 9 10 11 13 | 13.8
Shields        | 5 7 8 9 10 | 10.0
Invocations    | 5 9 |  9.9

Action                   |  1- 3 |  4- 6 |  7- 9 | 10-12 || total
-------------------------+-------+-------+-------+-------++-------
Melee: Quarterstaff      |     6 |    32 |   130 |    23 ||   191
Invok: Disaster Area     |       |       |       |     1 ||     1
  Use: Potion            |       |       |     1 |     3 ||     4
 Stab: Distracted        |       |       |     1 |       ||     1
Armor: Scale mail        |     2 |    16 |    17 |       ||    35
       Swamp dragon scal |       |       |    15 |       ||    15
       Plate armour      |       |       |     4 |    15 ||    19
Dodge: Dodged            |     4 |     8 |    39 |     6 ||    57
Block: Buckler           |       |    16 |    70 |    25 ||   111

Table legend: (Time is in decaauts)
 A = Elapsed time spent in this place.
 B = Non-inter-level travel time spent in this place.
 C = Inter-level travel time spent in this place.
 D = Time resting spent in this place.
 E = Time spent auto-exploring this place.
 F = Levels seen in this place.
 G = Mean time per level.
                   A        B        C        D        E       F      G
               +--------+--------+--------+--------+--------+-----+--------+
         Total |   1470 |   1451 |     19 |    837 |      0 |   1 | 1470.0 |
       Dungeon |   1470 |   1451 |     19 |    837 |      0 |   1 | 1470.0 |
               +--------+--------+--------+--------+--------+-----+--------+

Top non-repeatable levels by time:
       D: 1470 daAuts
